 Dungeon Sprint DCSS version 0.29-a0-187-ga23d9638d5 (webtiles) character file.

Game seed: 11467620219440279186

6 cyrus the Skirmisher (level 1, 0/22 HPs)
             Began as a Hill Orc Fighter on Feb 21, 2022.
             Slain by a scorpion (6 damage)
             ... in the Dungeon (Sprint IX: "|||||||||||||||||||||||||||||").
             The game lasted 00:00:17 (198 turns).

cyrus the Skirmisher (Hill Orc Fighter)              Turns: 198, Time: 00:00:17

Health: 0/22       AC:  7    Str: 18    XL:     1   Next: 90%
Magic:  1/1        EV:  9    Int:  8    God:
Gold:   0          SH:  4    Dex: 10    Spells: 0/0 levels left

rFire   . . .      SeeInvis .   a - +0 war axe
rCold   . . .      Faith    .   c - +0 buckler
rNeg    . . .      Spirit   .   b - +0 scale mail
rPois   .          Reflect  .   (no helmet)
rElec   .          Harm     .   (no cloak)
rCorr   .          Rampage  .   (no gloves)
Will    .....      NoTele   +   (no boots)
Stlth   ..........              (no amulet)
HPRegen 0.07/turn               (no ring)
MPRegen 0.07/turn               (no ring)

@: mighty, lethally poisoned (0 -> -7)
A: no striking features
a: no special abilities


You were in the Dungeon.
You visited 1 branch

Inventory:

Hand Weapons
 a - a +0 war axe (weapon)
Armour
 b - a +0 scale mail (worn)
 c - a +0 buckler (worn)
Scrolls
 j - a scroll of blinking
Potions
 e - a potion of curing
 f - a potion of heal wounds
 g - a potion of haste
 h - 2 potions of magic
 i - a potion of berserk rage


   Skills:
 + Level 4.5 Fighting
 + Level 2.9 Axes
 + Level 4.0 Armour
 + Level 3.8 Shields


You couldn't memorise any spells.
You didn't know any spells.
Your spell library was empty.

Dungeon Overview and Level Annotations

Branches:
Dungeon (1/1)

Altars:


Message History

The quokka is severely wounded.
The quokka bites you but does no damage. x2
You slash the quokka!
You kill the quokka!
You hit the goblin.
The goblin is severely wounded.
The goblin closely misses you. The goblin barely misses you.
You completely miss the goblin.
The goblin is severely wounded.
You block the goblin's attack.
You barely miss the goblin.
The goblin is severely wounded.
The goblin completely misses you. The goblin hits you with a +0 club.
You hit the goblin.
You kill the goblin!
Your Armour skill increases to level 4!
There is an open door to the Dungeon here.
Items here: )) †††.
You start resting.
HP restored.
You start waiting.
Done waiting.
You open the door.
A howler monkey, 2 iguanas, a white imp and a scorpion come into view.
The howler monkey howls!
The iguana hisses angrily. x2
The white imp shouts, "Back with thee, thou mewling toot-wallowing beggar!"
You feel very mighty all of a sudden. You block the scorpion's attack.
The howler monkey hoots and howls with incredible vigour!
You closely miss the scorpion. The scorpion stings you. x2
You are lethally poisoned!
The scorpion poisons you!
You closely miss the scorpion.
You feel very sick. The scorpion completely misses you.
You barely miss the scorpion.
* * * LOW HITPOINT WARNING * * *
You feel very sick. You block the scorpion's attack. The scorpion stings you.
You die... ▓▓▓▓▓▓▓▓▓▓▓▓▓▓▓▓▓▓ +.hll5s@....)...<▓ ▓▓▓▓▓▓▓▓▓▓▓▓▓▓▓▓▓▓

You could see a scorpion, a howler monkey, 2 iguanas and a white imp.

Vanquished Creatures
  A bat (D)
  2 goblins (D)
  A hobgoblin (D)
  A quokka (D)
5 creatures vanquished.

Notes
Turn   | Place    | Note
-------+----------+-------------------------------------------
     0 | D        | cyrus the Hill Orc Fighter began the quest for the Orb.
     0 | D        | Reached XP level 1. HP: 19/19 MP: 1/1
   194 | D        | Noticed a howler monkey
   194 | D        | Noticed an iguana
   194 | D        | Noticed an iguana
   194 | D        | Noticed a scorpion
   198 | D        | Slain by a scorpion

Illustrated notes

Levels and vault maps discovered:
D:        linesprint [early_d, line_temple, items_1, d_10, items_2, lair_1,
          lair_end, items_3, orc_1, orc_end, items_4, d_15, swamp_1, shoals_1,
          snake_1, spider_1, d_20, vaults_1, items_5, swamp_end, shoals_end,
          snake_end, spider_end, vaults_end, d_27, items_6, zot_1, zot_end,
          crypt_end, forest_end, elf_end, slime_end, tomb_end, abyss_end,
          pan_hell_end]

Skill      XL: |  1 |
---------------+----+-----
Fighting       | 4 |  4.5
Armour         | 4 |  4.0
Axes           | |  2.9
Shields        | |  3.8

Action                   || total
-------------------------++-------
Melee: War axe           ||    20
  Use: Potion            ||     1
Armor: Scale mail        ||     8
Dodge: Dodged            ||    10
Block: Buckler           ||     6

Table legend: (Time is in decaauts)
 A = Elapsed time spent in this place.
 B = Non-inter-level travel time spent in this place.
 C = Inter-level travel time spent in this place.
 D = Time resting spent in this place.
 E = Time spent auto-exploring this place.
 F = Levels seen in this place.
 G = Mean time per level.
                   A        B        C        D        E       F      G
               +--------+--------+--------+--------+--------+-----+--------+
         Total |    205 |    205 |      0 |    167 |      0 |   1 |  205.0 |
       Dungeon |    205 |    205 |      0 |    167 |      0 |   1 |  205.0 |
               +--------+--------+--------+--------+--------+-----+--------+

Top non-repeatable levels by time:
       D: 205 daAuts
